 Dungeon Crawl Stone Soup version 0.27-a0-506-g2188dfaaa0 (webtiles) character file.

Game seed: 15312728958694268584

2148 Leibowitz the Tainter (level 9, -14/73 HPs)
             Began as a Naga Venom Mage on Mar 1, 2021.
             Was a Believer of Sif Muna.
             Shot with an arrow by a centaur (18 damage)
             ... on level 7 of the Dungeon on Mar 3, 2021.
             The game lasted 00:31:59 (9597 turns).

Leibowitz the Tainter (Naga Venom Mage)             Turns: 9597, Time: 00:31:59

Health: -14/73     AC:  4    Str: 13    XL:     9   Next: 31%
Magic:  4/20       EV: 10    Int: 18    God:    Sif Muna [**....]
Gold:   83         SH:  0    Dex: 14    Spells: 10/23 levels left

rFire    . . .     SeeInvis +   a - +4 rapier of the Crypt {venom, Str+2 Dex+2}
rCold    . . .     Faith    +   (no shield)
rNeg     . . .     Spirit   .   y - +0 robe
rPois    +         Reflect  .   (no helmet)
rElec    .         Harm     .   (no cloak)
rCorr    .         Rampage  .   (no gloves)
Will     +....                  (no barding)
Stlth    +++.......             j - amulet of faith
HPRegen  0.22/turn              (no ring)
MPRegen  0.17/turn              (no ring)

@: very slow
A: large, see invisible, deformed body, poison resistance, slowness 2, spit
poison 1, AC +3
a: Spit Poison, Renounce Religion, Channel Magic


You were on level 7 of the Dungeon.
You worshipped Sif Muna.
Sif Muna was pleased with you.
You visited 2 branches of the dungeon, and saw 8 of its levels.

You collected 195 gold pieces.
You spent 112 gold pieces at shops.

Inventory:

Hand Weapons
 a - the +4 rapier of the Crypt (weapon) {venom, Str+2 Dex+2}
   (You took it off an orc priest on level 6 of the Dungeon)

   It poisons the flesh of those it strikes.
   It affects your strength (+2).
   It affects your dexterity (+2).
 x - a +0 hand axe of flaming
Armour
 y - a +0 robe (worn)
Jewellery
 j - an amulet of faith (around neck)
Scrolls
 b - 2 scrolls of fog {unknown}
 e - a scroll of magic mapping {unknown}
 f - 8 scrolls of identify {unknown}
 h - 2 scrolls of enchant weapon {unknown}
 i - a scroll of noise {unknown}
 k - 2 scrolls of immolation {unknown}
 m - a scroll of enchant armour {unknown}
 n - a scroll of summoning {unknown}
 p - 6 scrolls of teleportation {unknown}
 q - a scroll of fear {unknown}
Potions
 c - 3 potions of haste
 d - 2 potions of flight {unknown}
 g - a potion of lignification {unknown}
 l - a potion of magic {unknown}
 o - a potion of brilliance {unknown}
 r - a potion of attraction {unknown}
 s - 2 potions of mutation {unknown}
 t - a potion of curing
 u - 2 potions of degeneration {unknown}
 v - a potion of ambrosia {unknown}
 z - a potion of heal wounds
 A - a potion of curing
 B - a potion of cancellation {unknown}


   Skills:
 + Level 1.8 Fighting
 + Level 1.3 Short Blades
 + Level 2.1 Dodging
 + Level 4.1 Stealth
 + Level 7.5 Spellcasting
 + Level 2.6 Transmutations
 + Level 1.0 Fire Magic
 + Level 3.5 Air Magic
 + Level 9.6 Poison Magic


You had 10 spell levels left.
You knew the following spells:

 Your Spells              Type           Power        Failure   Level
a - Sting                 Tmut/Pois      100%         1%          1
b - Poisonous Vapours     Pois/Air       60%          1%          2
c - Mephitic Cloud        Conj/Pois/Air  22%          4%          3
d - Olgreb's Toxic Radia  Pois           41%          1%          4
e - Ignite Poison         Fire/Tmut/Pois 22%          4%          3

Your spell library contained the following spells:

 Spells                   Type           Power        Failure   Level
 Animate Skeleton         Necr           12%          11%         1
 Pain                     Necr           24%          11%         1


Dungeon Overview and Level Annotations

Branches:
Dungeon (7/15)             Temple (1/1) D:6

Altars:
Cheibriados
Dithmenos
Fedhas
Gozag
Hepliaklqana
Kikubaaqudgha
Makhleb
Okawaru
Qazlal
Ru
Sif Muna
Trog
Uskayaw
Vehumet
Wu Jian
Xom
Yredelemnul
Zin
Lugonu

Shops:
D:6 !

Annotations:
D:3 1 runed translucent door, hemabe71's ghost, amateur HuAr


Innate Abilities, Weirdness & Mutations

You cannot wear boots.
Your serpentine skin is tough. (AC +3)
You have supernaturally acute eyesight. (SInv)
Armour fits poorly on your strangely shaped body.
Your system is resistant to poisons. (rPois)
You cover ground very slowly.
You can spit poison.


Message History

You catch the helpless Prince Ribbit completely off-guard!
You puncture Prince Ribbit!
Prince Ribbit looks as sick as possible!
Prince Ribbit is severely wounded.
The centaur shoots an arrow.
The arrow hits you. Prince Ribbit barely misses you.
The centaur shoots an arrow.
The arrow hits you.
* * * LOW HITPOINT WARNING * * *
You feel much better. Prince Ribbit closely misses you.
An orc warrior comes into view. It is wielding a +0 scimitar.
Your magical contamination has completely faded away.
You catch the helpless Prince Ribbit completely off-guard!
You puncture Prince Ribbit!
You kill Prince Ribbit!
Sif Muna accepts your kill.
You have got your breath back.
The centaur unwields a +0 shortbow.
The centaur hits you. The centaur misses you.
Your Short Blades skill increases to level 1!
Your Stealth skill increases to level 4!
Your Fire Magic skill increases to level 1!
You puncture the centaur!
The centaur is severely wounded.
The centaur hits you. The orc barely misses you. The centaur barely misses you.
You barely miss the orc. The orc hits you with a +0 dagger.
The centaur hits you!
You hit the orc.
The orc is moderately wounded.
The centaur hits you. The orc completely misses you. The centaur hits you.
The centaur wields a +0 shortbow.
The centaur shoots an arrow.
The arrow hits you.
* * * LOW HITPOINT WARNING * * *
The orc closely misses you.
The centaur unwields a +0 shortbow.
The centaur hits you.
* * * LOW HITPOINT WARNING * * *
The centaur wields a +0 shortbow.
The centaur shoots an arrow.
The arrow hits you!
* * * LOW HITPOINT WARNING * * *
The centaur shoots an arrow.
The arrow hits you!!
You die...

..## ..# ##
#)##.####
#.#.....##
#.)......#
##.........
##oc).......
##o..........
#.@........>.
#<...........
#.............
#.............
#..............
##............#
##..........
###.......
#.....


You could see an orc warrior, a centaur and an orc.

Vanquished Creatures
  Prince Ribbit (D:7)
  2 orc warriors (D:6)
  2 sky beasts (D:5)
  4 ogres
  A centaur (D:7)
  A phantom (D:4)
  4 scorpions
  A howler monkey (D:3)
  A centaur zombie (D:5)
  2 jellies
  4 orc priests
  A centaur skeleton (D:4)
  A bullfrog skeleton (D:5)
  An iguana (D:5)
  8 worker ants
  4 orc wizards
  2 hound skeletons
  A gnoll (D:1)
  10 adders
  2 shadow imps (D:5)
  A white imp (D:6)
  An ooze (D:3)
  An adder zombie (D:6)
  An adder skeleton (D:5)
  A worm (D:2)
  4 dart slugs
  9 leopard geckos
  21 orcs
  3 giant cockroaches
  2 goblins (D:1)
  9 hobgoblins
  4 jackals
  4 quokkas
  A ball python (D:1)
  A ball python zombie (D:5)
  8 bats
  5 frilled lizards
  8 kobolds
  A leopard gecko zombie (D:4)
  8 rats
146 creatures vanquished.

Notes
Turn   | Place    | Note
-------+----------+-------------------------------------------
     0 | D:1      | Leibowitz the Naga Venom Mage began the quest for the Orb.
     0 | D:1      | Reached XP level 1. HP: 15/15 MP: 3/3
   276 | D:1      | Reached XP level 2. HP: 22/22 MP: 1/5
   291 | D:1      | Learned a level 2 spell: Poisonous Vapours
   440 | D:1      | Reached skill level 5 in Poison Magic
   452 | D:1      | Reached XP level 3. HP: 22/28 MP: 0/6
   456 | D:1      | Learned a level 3 spell: Mephitic Cloud
  1458 | D:2      | Reached XP level 4. HP: 37/37 MP: 5/8
  1594 | D:2      | Reached skill level 1 in Air Magic
  2530 | D:3      | Reached XP level 5. HP: 43/43 MP: 1/9
  2539 | D:3      | Learned a level 4 spell: Olgreb's Toxic Radiance
  3124 | D:3      | Found a stormy altar of Qazlal.
  3124 | D:3      | Found an ancient bone altar of Kikubaaqudgha.
  3151 | D:3      | Found a runed translucent door.
  3151 | D:3      | Noticed hemabe71's ghost (amateur HuAr)
  3664 | D:3      | Found a shimmering blue altar of Sif Muna.
  3672 | D:3      | Became a worshipper of Sif Muna the Loreminder
  3798 | D:4      | Noticed an ogre
  3800 | D:4      | Noticed a phantom
  3852 | D:3      | Killed an ogre
  3853 | D:3      | Reached skill level 6 in Poison Magic
  3853 | D:3      | Reached XP level 6. HP: 41/50 MP: 6/11
  4173 | D:4      | Reached XP level 7. HP: 56/56 MP: 1/13
  4177 | D:4      | Learned a level 3 spell: Ignite Poison
  4372 | D:4      | Reached skill level 7 in Poison Magic
  4636 | D:4      | Reached skill level 5 in Spellcasting
  4945 | D:4      | Reached * piety under Sif Muna
  5142 | D:5      | Entered Level 5 of the Dungeon
  5143 | D:5      | Upgraded the game from 0.27-a0-475-g4587593e40 to
                  | 0.27-a0-506-g2188dfaaa0
  5838 | D:5      | Reached skill level 1 in Fighting
  5854 | D:5      | Reached XP level 8. HP: 56/64 MP: 0/16
  6487 | D:5      | Reached skill level 8 in Poison Magic
  6661 | D:5      | Found a radiant altar of Vehumet.
  6894 | D:5      | Found an iron altar of Okawaru.
  7644 | D:6      | Found Bepeiqih's Distillery.
  7650 | D:6      | Bought a potion of heal wounds for 70 gold pieces
  7650 | D:6      | Bought a potion of curing for 42 gold pieces
  7701 | D:6      | Found a staircase to the Ecumenical Temple.
  8100 | D:6      | Reached ** piety under Sif Muna
  8577 | D:6      | Found a bloodstained altar of Trog.
  8586 | D:6      | Reached skill level 9 in Poison Magic
  8586 | D:6      | Reached XP level 9. HP: 73/73 MP: 11/19
  8648 | D:6      | Found a shimmering blue altar of Sif Muna.
  8654 | D:6      | Identified Sif Muna's Incunabulum of Stolen Souls
  8749 | D:6      | Identified the +4 rapier of the Crypt {venom, Str+2 Dex+2}
  9030 | D:6      | Found a hazy altar of Hepliaklqana.
  9153 | D:6      | Found a blossoming altar of Fedhas.
  9174 | D:6      | Found a basalt altar of Yredelemnul.
  9411 | Temple   | Entered the Ecumenical Temple
  9576 | D:7      | Noticed Prince Ribbit
  9591 | D:7      | Killed Prince Ribbit
  9592 | D:7      | Reached skill level 1 in Short Blades
  9592 | D:7      | Reached skill level 1 in Fire Magic
  9597 | D:7      | Shot with an arrow by a centaur

Illustrated notes

Levels and vault maps discovered:
D:1:      wander_arrival_fairy_ring, layout_rooms, minmay_pentomino_z4
D:2:      cheibrodos_old_hovel, layout_basic, st_stairs_2
D:3:      layout_loops_ring, gammafunk_temple_overflow_wave,
          ebering_ghost_sewer_d, led_sif_pool
D:4:      layout_rooms
D:5:      layout_basic, okawaru_ov_weapons_minmay, lemuel_round_altar
D:6:      layout_loops_corners, nzn_overflow_gifts_of_might_and_magic,
          nzn_hepliaklqana_mist_gate, amethyst_overflow_temple_binary,
          temple_statues, serial_shops, nicolae_shop_waterfront
D:7:      layout_cave_pods, fedhas_altar_fruit_tree, uniq_pikel, uniq_harold,
          uniq_prince_ribbit1
Temple:   corrupted_temple

Skill      XL: |  1  2  3  4  5  6  7  8  9 |
---------------+----------------------------+-----
Poison Magic   | 5 6 7 9 |  9.6
Air Magic      | 1 2 3 |  3.5
Spellcasting   | 3 4 5 7 |  7.5
Fighting       | 1 |  1.8
Transmutations | 2 |  2.6
Dodging        | 2 |  2.1
Short Blades   | 1 |  1.3
Stealth        | 4 |  4.1
Fire Magic     | 1 |  1.0

Action                   |  1- 3 |  4- 6 |  7- 9 || total
-------------------------+-------+-------+-------++-------
Melee: Unarmed           |     1 |       |       ||     1
       Dagger            |    25 |    35 |    60 ||   120
       Rapier            |       |       |    26 ||    26
 Cast: Sting             |    19 |     9 |    50 ||    78
       Poisonous Vapours |    20 |    47 |    51 ||   118
       Mephitic Cloud    |     1 |     1 |    14 ||    16
       Olgreb's Toxic Ra |       |     4 |    26 ||    30
       Ignite Poison     |       |       |    10 ||    10
 Abil: Spit Poison       |       |       |     1 ||     1
  Use: Potion            |       |       |     2 ||     2
 Stab: Sleeping          |       |     1 |     2 ||     3
       Distracted        |       |       |     1 ||     1
       Confused          |       |       |     2 ||     2
Armor: Robe              |     4 |    10 |    29 ||    43
Dodge: Dodged            |    17 |    23 |    90 ||   130

Table legend: (Time is in decaauts)
 A = Elapsed time spent in this place.
 B = Non-inter-level travel time spent in this place.
 C = Inter-level travel time spent in this place.
 D = Time resting spent in this place.
 E = Time spent auto-exploring this place.
 F = Levels seen in this place.
 G = Mean time per level.
                   A        B        C        D        E       F      G
               +--------+--------+--------+--------+--------+-----+--------+
         Total |  11407 |  10892 |    515 |   1727 |   7804 |   8 | 1425.9 |
       Dungeon |  11342 |  10844 |    498 |   1727 |   7758 |   7 | 1620.3 |
        Temple |     65 |     48 |     17 |      0 |     45 |   1 |   65.0 |
               +--------+--------+--------+--------+--------+-----+--------+

Top non-repeatable levels by time:
     D:6: 2624 daAuts
     D:3: 2324 daAuts
     D:5: 1970 daAuts
     D:2: 1675 daAuts
     D:4: 1378 daAuts
     D:1: 1302 daAuts
     D:7: 66 daAuts
  Temple: 65 daAuts
